 Dungeon Sprint DCSS version 0.21.0-25-ge575cb9 (webtiles) character file.

24500000 doot the Conqueror (level 27, -13/249 HPs)
             Began as a Formicid Chaos Knight on Jan 24, 2018.
             Was the Champion of Makhleb.
             Killed by divine providence
             ... invoked by an observer
              (15 damage)
             ... in the Dungeon (Sprint VIII: "Arena of Blood").
             The game lasted 00:06:07 (245 turns).

doot the Conqueror (Formicid Chaos Knight)           Turns: 245, Time: 00:06:08

Health: -13/249    AC:  8    Str: 18    XL:     27
Magic:  54/54      EV: 34    Int: 15    God:    Makhleb [******]
Gold:   0          SH:  0    Dex: 19    Spells: 80/80 levels left

rFire    . . .     SeeInvis +   i - +∞ Axe of Woe
rCold    . . .     Gourm    .   (no shield)
rNeg     . . .     Faith    .   a - +2 leather armour
rPois    .         Spirit   .   (helmet unavailable)
rElec    .         Reflect  .   (no cloak)
rCorr    .         Harm     .   (no gloves)
MR       ++...                  (no boots)
Stlth    +++.......             (no amulet)
HPRegen  0.00/turn              (no ring)
MPRegen  0.34/turn              (no ring)

@: confused, lethally poisoned (-13 -> -58), non-regenerating, badly diseased
A: permanent stasis, dig shafts and tunnels, four strong arms, antennae 3
a: Dig, Minor Destruction, Lesser Servant of Makhleb, Major Destruction, Greater
Servant of Makhleb, Renounce Religion


You were in the Dungeon.
You worshipped Makhleb.
Makhleb was exalted by your worship.
You were not hungry.

You visited 1 branch

Inventory:

Hand Weapons
 i - the +∞ Axe of Woe (weapon)
   (You found it in the Dungeon)
Armour
 a - a +2 leather armour (worn)
Scrolls
 h - a scroll of blinking
Potions
 e - a potion of haste
 f - 2 potions of magic
 g - a potion of berserk rage
Comestibles
 b - a ration


   Skills:
 O Level 27 Fighting
 O Level 27 Axes
 O Level 27 Throwing
 O Level 27 Armour
 O Level 27 Dodging
 O Level 27 Stealth
 O Level 27 Unarmed Combat
 O Level 27 Spellcasting
 O Level 27 Invocations


You had 80 spell levels left.
You didn't know any spells.

Dungeon Overview and Level Annotations

Branches:
Dungeon (1/1)

Altars:
Makhleb

Annotations:
D The Servant


Innate Abilities, Weirdness & Mutations

You cannot be hasted, slowed, berserked, paralysed or teleported.
You can dig through walls and to a lower floor.
Your four strong arms can wield two-handed weapons with a shield.
You have a pair of large antennae on your head. (SInv)


Message History

Some rock shatters into small pieces.
You hear a shout!
An eight-headed meat hydra comes into view.
The eight-headed meat hydra calls on the powers of darkness!
The eight-headed meat hydra convulses!
The observer convulses!
The meat berserker convulses!
The bag of meat convulses!
The large bag of meat convulses!
The observer convulses!
The bag of meat convulses! x2
A bag of meat comes into view. It is wielding a +9 war axe.
The bag of meat shouts!
The observer convulses! x2; The bag of meat convulses!
The fleshlord convulses!
The scourge convulses!
The bag of meat convulses!
The eight-headed meat hydra convulses!
The scourge convulses!
The meat berserker convulses!
The observer convulses!
You feel a surge of unholy energy.
You hear a shout!
An observer comes into view.
The observer gazes at you. Something smites you!
You die...

#......)§#§)))).
###...D.O§§)#))o).
...§.%GoW)))§))#).
##.9ooO)OV§x).)....
..#GWWD#...)§.....
.o#LGoM##.......#.
#9S2GWLGG.....#...
##X.XpSoW.###..%...
#V@#.{{{{##....#...
##.#{{{{{........#.
#M#{{{{{..........
..#{{{{{O.. ......
##S#{{{{{.. ......
##.{{{{{V§ ..... #


{{{{ .... {{{{ You could see 2 accurseds, a tentacled monstrosity, a meat beast
(wandering), 2 tyrants, 2 eight-headed meat hydras, 2 destroyers, 6 observers, 3
scourges, a fleshlord, a large bag of meat (inner flame), a large abomination
(wandering), 2 wretched souls, 3 dreads, 2 viles, 2 meat berserkers and 6 bags
of meat.

Vanquished Creatures
  2 molten gargoyles (D)
  4 vampire knights (D)
  23 ogres (D)
  5 two-headed ogres (D)
  52 orcs (D)
  A small abomination (D)
87 creatures vanquished.

Vanquished Creatures (others)
  2 orcs (D)
  5 crawling corpses (D)
7 creatures vanquished.

Grand Total: 94 creatures vanquished

Notes
Turn   | Place    | Note
-------+----------+-------------------------------------------
     0 | D        | Found the +∞ Axe of Woe
     0 | D        | doot the Formicid Chaos Knight began the quest for the Orb.
     0 | D        | Reached XP level 1. HP: 18/18 MP: 1/1
     3 | D        | Noticed a bag of meat
     3 | D        | Noticed a meat berserker
     4 | D        | Killed a meat berserker
     4 | D        | Reached XP level 2. HP: 56/56 MP: 2/2
     4 | D        | Reached XP level 3. HP: 62/62 MP: 3/3
     4 | D        | Reached XP level 4. HP: 70/70 MP: 4/4
     4 | D        | Reached XP level 5. HP: 77/77 MP: 5/5
     4 | D        | Reached XP level 6. HP: 84/84 MP: 6/6
     4 | D        | Reached XP level 7. HP: 91/91 MP: 7/7
     4 | D        | Reached XP level 8. HP: 98/98 MP: 8/8
     4 | D        | Reached XP level 9. HP: 105/105 MP: 9/9
     4 | D        | Reached XP level 10. HP: 113/113 MP: 10/10
     4 | D        | Reached XP level 11. HP: 119/119 MP: 11/11
     4 | D        | Reached XP level 12. HP: 127/127 MP: 12/12
     4 | D        | Reached XP level 13. HP: 133/133 MP: 13/13
     5 | D        | Fell from the grace of Xom
     5 | D        | Became a worshipper of Makhleb the Destroyer
     6 | D        | Noticed a bag of meat
     7 | D        | Noticed a bag of meat
     8 | D        | Noticed a meat berserker
    10 | D        | Noticed a bag of meat
    11 | D        | Noticed a bag of meat
    11 | D        | Noticed a bag of meat
    11 | D        | Noticed a meat berserker
    12 | D        | Noticed a bag of meat
    12 | D        | Noticed a bag of meat
    12 | D        | Noticed a bag of meat
    12 | D        | Noticed a bag of meat
    13 | D        | Noticed a bag of meat
    13 | D        | Noticed a bag of meat
    13 | D        | Noticed a meat berserker
    13 | D        | Noticed a bag of meat
    13 | D        | Noticed a bag of meat
    13 | D        | Noticed a bag of meat
    13 | D        | Noticed a meat berserker
    13 | D        | Noticed a meat berserker
    13 | D        | Noticed a bag of meat
    13 | D        | Noticed a bag of meat
    13 | D        | Noticed a meat berserker
    13 | D        | Noticed a bag of meat
    13 | D        | Noticed a bag of meat
    13 | D        | Noticed a bag of meat
    14 | D        | Noticed a large bag of meat
    14 | D        | Noticed a bag of meat
    14 | D        | Noticed a meat berserker
    14 | D        | Noticed a bag of meat
    14 | D        | Noticed a bag of meat
    14 | D        | Killed a bag of meat
    14 | D        | Reached XP level 14. HP: 146/146 MP: 14/14
    14 | D        | Killed a meat berserker
    14 | D        | Reached * piety under Makhleb
    14 | D        | Reached skill level 27 in Fighting
    14 | D        | Reached skill level 15 in Armour
    14 | D        | Reached XP level 15. HP: 159/159 MP: 15/15
    15 | D        | Noticed a large bag of meat
    15 | D        | Noticed a meat berserker
    15 | D        | Reached skill level 5 in Dodging
    15 | D        | Reached XP level 16. HP: 21/167 MP: 16/16
    15 | D        | Killed a meat berserker
    15 | D        | Reached skill level 15 in Axes
    15 | D        | Reached skill level 27 in Unarmed Combat
    15 | D        | Reached ** piety under Makhleb
    15 | D        | Reached XP level 17. HP: 22/174 MP: 17/17
    15 | D        | HP: 4/174 [meat berserker/+9 battleaxe (71)]
    16 | D        | Noticed a meat berserker
    16 | D        | Killed a meat berserker
    16 | D        | Reached XP level 18. HP: 61/182 MP: 18/18
    16 | D        | Reached *** piety under Makhleb
    16 | D        | Reached skill level 27 in Armour
    16 | D        | Killed a meat berserker
    16 | D        | Reached skill level 27 in Axes
    16 | D        | Reached XP level 19. HP: 119/189 MP: 19/19
    16 | D        | Killed a meat berserker
    16 | D        | Reached **** piety under Makhleb
    16 | D        | Reached XP level 20. HP: 197/197 MP: 20/20
    17 | D        | Noticed a meat berserker
    17 | D        | Killed a meat berserker
    17 | D        | Reached skill level 27 in Dodging
    17 | D        | Reached skill level 15 in Stealth
    17 | D        | Killed a meat berserker
    17 | D        | Reached skill level 15 in Throwing
    17 | D        | Reached skill level 15 in Spellcasting
    17 | D        | Reached XP level 21. HP: 204/204 MP: 20/40
    17 | D        | Reached ***** piety under Makhleb
    18 | D        | Noticed a meat berserker
    18 | D        | Noticed a meat berserker
    19 | D        | Noticed a destroyer
    19 | D        | Noticed a meat berserker
    19 | D        | Reached XP level 22. HP: 205/212 MP: 20/45
    19 | D        | Killed a meat berserker
    19 | D        | Reached skill level 27 in Stealth
    19 | D        | Reached skill level 27 in Invocations
    19 | D        | Reached XP level 23. HP: 219/219 MP: 20/51
    19 | D        | Reached ****** piety under Makhleb
    19 | D        | Reached skill level 27 in Throwing
    19 | D        | Reached skill level 27 in Spellcasting
    21 | D        | Reached XP level 24. HP: 227/227 MP: 21/54
    22 | D        | Noticed a destroyer
    22 | D        | Noticed a large bag of meat
    23 | D        | Reached XP level 25. HP: 234/234 MP: 21/54
    24 | D        | Killed a destroyer
    24 | D        | Reached XP level 26. HP: 242/242 MP: 21/54
    24 | D        | Reached XP level 27. HP: 249/249 MP: 21/54
    27 | D        | Noticed a large bag of meat
    29 | D        | Killed a large bag of meat
    30 | D        | Killed a destroyer
    32 | D        | Noticed a destroyer
    33 | D        | Killed a large bag of meat
    34 | D        | Noticed a destroyer
    34 | D        | Noticed a large bag of meat
    41 | D        | Killed a large bag of meat
    42 | D        | Noticed a large bag of meat
    42 | D        | Noticed a large bag of meat
    42 | D        | Noticed The Servant
    43 | D        | Noticed a destroyer
    43 | D        | Killed a large bag of meat
    45 | D        | Noticed a destroyer
    50 | D        | Killed a destroyer
    57 | D        | Killed a destroyer
    77 | D        | Killed a large bag of meat
   217 | D        | XOM: mild Summ miscast
   238 | D        | Noticed a vile
   238 | D        | Noticed a vile
   239 | D        | Noticed a vile
   239 | D        | Killed a vile
   240 | D        | Noticed an accursed
   242 | D        | Noticed a destroyer
   242 | D        | Killed a vile
   244 | D        | Noticed a vile
   244 | D        | HP: 5/249 [destroyer/+9 great sword of slicing (9)]
   245 | D        | Noticed a large bag of meat
   245 | D        | Noticed a tyrant
   245 | D        | Noticed a dread
   245 | D        | HP: 2/249 [poison (dark miasma)]
   245 | D        | Killed from afar by an observer

Skill      XL: |  1  2  3  4  5  6  7  8  9 10 11 12 13 14 15 16 17 18 19 20 21 22 23 |
---------------+----------------------------------------------------------------------+-----
Fighting       | 22 24 27 | 27.0
Axes           | 4 6 8 9 17 23 27 | 27.0
Armour         | 13 14 15 16 22 26 27 | 27.0
Dodging        | 3 4 5 9 11 18 26 27 | 27.0
Unarmed Combat | 20 22 24 26 27 | 27.0
Throwing       | 15 19 24 27 | 27.0
Stealth        | 19 24 27 | 27.0
Spellcasting   | 15 19 24 27 | 27.0
Invocations    | 17 22 27 | 27.0

Action                   |  1- 3 |  4- 6 |  7- 9 | 10-12 | 13-15 | 16-18 | 19-21 | 22-24 | 25-27 || total
-------------------------+-------+-------+-------+-------+-------+-------+-------+-------+-------++-------
Melee: Executioner's axe |     1 |       |       |       |     2 |     1 |     2 |     2 |    18 ||    26
Invok: Greater Servant o |       |       |       |       |       |       |       |       |     2 ||     2
 Abil: Dig               |       |       |       |       |     1 |       |       |     1 |     5 ||     7
  Use: Potion            |       |       |       |       |       |       |       |       |     2 ||     2
Armor: Leather armour    |       |       |       |       |       |       |       |       |     1 ||     1
Dodge: Dodged            |       |       |       |       |       |     1 |       |     2 |     9 ||    12
